 Dungeon Crawl Stone Soup version 0.23.2-11-gf996548c65 (webtiles) character file.

Game seed: 3298762777817136373

9724 Nattfarinn the Blocker (level 11, -16/89 HPs)
             Began as a Gnoll Fighter on June 5, 2019.
             Was a Priest of Okawaru.
             Demolished by a manticore (17 damage)
             ... on level 11 of the Dungeon.
             The game lasted 00:21:55 (12043 turns).

Nattfarinn the Blocker (Gnoll Fighter)             Turns: 12043, Time: 00:21:55

Health: -16/89     AC: 10    Str: 18    XL:     11   Next: 51%
Magic:  20/20      EV: 12    Int: 12    God:    Okawaru [***...]
Gold:   519        SH: 17    Dex: 17    Spells: 22/22 levels left

rFire    + . .     SeeInvis .   E - +4 trident
rCold    . . .     Gourm    .   c - +0 shield
rNeg     . . .     Faith    .   b - +1 scale mail
rPois    .         Spirit   .   (no helmet)
rElec    .         Reflect  +   (no cloak)
rCorr    .         Harm     .   (no gloves)
MR       +....                  e - +0 pair of boots
Stlth    ++........             p - +6 amulet of reflection
HPRegen  0.24/turn              v - ring of protection from fire
MPRegen  0.17/turn              B - ring of protection from magic

@: drained
A: distributed training, fangs 1, strong nose
a: Heroism, Renounce Religion


You were on level 11 of the Dungeon.
You worshipped Okawaru.
Okawaru was most pleased with you.
You were not hungry.

You visited 2 branches of the dungeon, and saw 14 of its levels.

You collected 519 gold pieces.

Inventory:

Hand Weapons
 E - a +4 trident (weapon)
Missiles
 j - 8 javelins of returning (quivered)
Armour
 b - a +1 scale mail (worn)
 c - a +0 shield (worn)
 e - a +0 pair of boots (worn)
Jewellery
 p - a +6 amulet of reflection (around neck)
 v - a ring of protection from fire (left hand)
 B - a ring of protection from magic (right hand)
 C - an uncursed ring of teleportation
Wands
 u - a wand of clouds (2)
 y - a wand of scattershot (4)
Scrolls
 g - a scroll of immolation
 i - 13 scrolls of identify {unknown}
 l - 3 scrolls of teleportation
 m - a scroll of noise {unknown}
 n - a scroll of fog
 q - 2 scrolls of magic mapping
 t - 5 scrolls of remove curse
 A - a scroll of enchant weapon
Potions
 d - 2 potions of brilliance {unknown}
 k - 3 potions of cancellation
 o - 2 potions of curing {unknown}
 r - 2 potions of lignification {unknown}
 w - a potion of flight {unknown}
 x - a potion of resistance {unknown}
 z - a potion of degeneration {unknown}
Comestibles
 f - 19 rations
 D - 4 chunks of flesh


   Skills:
 + Level 9.1(8.2) Fighting
 + Level 6.2(5.4) Short Blades
 + Level 6.2(5.4) Long Blades
 + Level 6.2(5.4) Axes
 + Level 6.2(5.4) Maces & Flails
 + Level 7.8(6.9) Polearms
 + Level 6.2(5.4) Staves
 + Level 6.2(5.4) Slings
 + Level 6.2(5.4) Bows
 + Level 6.2(5.4) Crossbows
 + Level 6.2(5.4) Throwing
 + Level 9.1(8.2) Armour
 + Level 6.2(5.4) Dodging
 + Level 6.2(5.4) Stealth
 + Level 9.1(8.2) Shields
 + Level 6.2(5.4) Unarmed Combat
 + Level 6.2(5.4) Spellcasting
 + Level 5.1(4.3) Conjurations
 + Level 5.1(4.3) Hexes
 + Level 5.1(4.3) Charms
 + Level 5.1(4.3) Summonings
 + Level 5.1(4.3) Necromancy
 + Level 5.1(4.3) Translocations
 + Level 5.1(4.3) Transmutations
 + Level 5.1(4.3) Fire Magic
 + Level 5.1(4.3) Ice Magic
 + Level 5.1(4.3) Air Magic
 + Level 5.1(4.3) Earth Magic
 + Level 5.1(4.3) Poison Magic
 + Level 6.8(6.0) Invocations
 + Level 6.2(5.4) Evocations


You had 22 spell levels left.
You didn't know any spells.
Your spell library contained the following spells:

 Spells                   Type           Power        Failure   Level  Hunger
 Corona                   Hex            ##.....      22%         1    None
 Ensorcelled Hibernation  Hex/Ice        ##....       32%         2    ##.....
 Confuse                  Hex            ##......     54%         3    ###....
 Dazzling Spray           Conj/Hex       ##....       54%         3    ###....
 Tukima's Dance           Hex            ##......     54%         3    ###....


Dungeon Overview and Level Annotations

Branches:
Dungeon (13/15)            Temple (1/1) D:6            Lair (0/6) D:11
    Orc: D:9-12      Vaults: D:13-14

Altars:
Ashenzari
Cheibriados
Dithmenos
Elyvilon
Fedhas
Gozag
Hepliaklqana
Kikubaaqudgha
Makhleb
Nemelex Xobeh
Okawaru
Qazlal
Ru
Sif Muna
Trog
Uskayaw
Vehumet
Wu Jian
Xom
Yredelemnul
Zin
The Shining One

Shops:
D:7 *   D:8 %

Annotations:
D:5 2 runed translucent doors, dricus's ghost, novice HOVM


Innate Abilities, Weirdness & Mutations

Your experience applies equally to all skills.
You have very sharp teeth.
Your uncanny sense of smell can sniff out nearby items.


Message History

It was a scroll of immolation.
You block the wight's attack. The manticore misses you.
You block the manticore's attack. The manticore barely misses you.
As you read the scroll labeled VOM WEREVA XIA, it crumbles to dust.
You feel aware of your surroundings.
You sensed 1 shop/portal.
It was a scroll of magic mapping.
You block the wight's attack.
The manticore bites you but does no damage.
You block the manticore's attack. x2
As you read the scroll labeled HULIEQ PELITO, it crumbles to dust.
It is a scroll of amnesia.
You feel forgetful for a moment. You block the wight's attack.
The manticore closely misses you. You block the manticore's attack.
The manticore claws you.
* * * LOW HITPOINT WARNING * * *
Unknown command.
As you read the scroll labeled SABAPA CIRAE, it crumbles to dust.
It is a scroll of enchant armour.
Your +0 scale mail glows green for a moment.
The wight closely misses you. The manticore bites you!
You die...

*,,..............,,,,,,,,*
*,,,....!(.......,,,,,,,,*
*,,,,....(.......,,,,,,,,,
*,,,,,...........,,,,,,,,,
*******........#,,,,*,***,
*#######.(...#,*,*,,*,* **
*......§§z§..#,*,,,,,,**
*......§§H#..#,#,,,,,,,*
*.......#@#..#.#***,**,*
*......§§§#..#.#,,,,**,*
*#####+##§§....#,*****,*
#.##))#...#,,,,,,,*
#........####,**,,*
#...#.#.....#,**,,*
#........##.#***,,* *
#...##....#,****,,* *
#...*#)).##,*,,*,,***


You could see a manticore (inner flame) and a wight (inner flame).

Vanquished Creatures
  2 two-headed ogres (D:8)
  Pikel (D:7)
  2 centaur zombies (D:13)
  2 trolls
  A hornet (D:9)
  Grinder (D:4)
  A hippogriff (D:7)
  9 yaks
  2 wraiths (D:13)
  A wyvern (D:9)
  2 hungry ghosts
  Duvessa (D:7)
  A water moccasin (D:6)
  3 sky beasts
  3 slaves (D:7)
  A black bear (D:11)
  2 ice beasts
  3 orc warriors
  An eye of draining (D:9)
  2 ogres (D:8)
  7 bullfrogs
  Dowan (D:7)
  A wyvern skeleton (D:9)
  3 scorpions
  4 killer bees (D:8)
  7 wights (D:11)
  2 crimson imps
  4 bullfrog zombies
  5 howler monkeys
  10 hounds
  A jelly (D:5)
  A centaur skeleton (D:7)
  A gnoll shaman (D:6)
  2 orc priests
  2 bullfrog skeletons
  4 iguanas
  8 worker ants
  8 orc wizards
  2 hound zombies
  A worker ant zombie (D:6)
  14 adders
  5 gnolls (D:6)
  2 shadow imps
  3 oozes
  An adder zombie (D:9)
  2 adder skeletons
  6 worms
  2 dart slugs
  7 leopard geckos
  48 orcs
  2 ball pythons
  7 bats
  4 giant cockroaches
  11 goblins
  8 hobgoblins
  9 jackals
  4 kobolds
  2 quokkas
  3 frilled lizards
  10 rats
265 creatures vanquished.

Vanquished Creatures (others)
  A slave (D:7)
  A centaur (D:9)
2 creatures vanquished.

Grand Total: 267 creatures vanquished

Notes
Turn   | Place    | Note
-------+----------+-------------------------------------------
     0 | D:1      | Nattfarinn the Gnoll Fighter began the quest for the Orb.
     0 | D:1      | Reached XP level 1. HP: 23/23 MP: 1/1
   257 | D:1      | Reached XP level 2. HP: 29/29 MP: 2/2
   391 | D:1      | Reached XP level 3. HP: 35/35 MP: 3/3
   912 | D:2      | Reached skill level 1 in Invocations
   917 | D:2      | Found a hazy altar of Hepliaklqana.
   924 | D:2      | Reached skill level 1 in Short Blades
   924 | D:2      | Reached skill level 1 in Long Blades
   924 | D:2      | Reached skill level 1 in Axes
   924 | D:2      | Reached skill level 1 in Maces & Flails
   924 | D:2      | Reached skill level 1 in Staves
   924 | D:2      | Reached skill level 1 in Slings
   924 | D:2      | Reached skill level 1 in Bows
   924 | D:2      | Reached skill level 1 in Crossbows
   924 | D:2      | Reached skill level 1 in Throwing
   924 | D:2      | Reached skill level 1 in Dodging
   924 | D:2      | Reached skill level 1 in Stealth
   924 | D:2      | Reached skill level 1 in Unarmed Combat
   924 | D:2      | Reached skill level 1 in Spellcasting
   924 | D:2      | Reached skill level 1 in Evocations
   924 | D:2      | Reached XP level 4. HP: 41/41 MP: 5/5
  1210 | D:2      | You fall through a shaft for 2 floors!
  1215 | D:4      | Reached skill level 1 in Conjurations
  1215 | D:4      | Reached skill level 1 in Hexes
  1215 | D:4      | Reached skill level 1 in Charms
  1215 | D:4      | Reached skill level 1 in Summonings
  1215 | D:4      | Reached skill level 1 in Necromancy
  1215 | D:4      | Reached skill level 1 in Translocations
  1215 | D:4      | Reached skill level 1 in Transmutations
  1215 | D:4      | Reached skill level 1 in Fire Magic
  1215 | D:4      | Reached skill level 1 in Ice Magic
  1215 | D:4      | Reached skill level 1 in Air Magic
  1215 | D:4      | Reached skill level 1 in Earth Magic
  1215 | D:4      | Reached skill level 1 in Poison Magic
  1253 | D:4      | Reached XP level 5. HP: 37/47 MP: 5/7
  1384 | D:4      | Noticed Grinder
  1399 | D:4      | Paralysed by Grinder for 6 turns
  1408 | D:4      | Killed Grinder
  1408 | D:4      | Reached skill level 5 in Polearms
  1408 | D:4      | Reached XP level 6. HP: 30/53 MP: 7/9
  1978 | D:4      | Found a shadowy altar of Dithmenos.
  2148 | D:4      | Reached XP level 7. HP: 51/59 MP: 10/10
  2357 | D:5      | Entered Level 5 of the Dungeon
  2752 | D:3      | Noticed a moth of wrath
  2755 | D:3      | Found a bloodstained altar of Trog.
  3102 | D:3      | Found a hide-covered altar of Uskayaw.
  3105 | D:3      | Found a deep blue altar of Sif Muna.
  3108 | D:3      | Found a snail-covered altar of Cheibriados.
  3795 | D:5      | Found a shattered altar of Ashenzari.
  3799 | D:5      | Saw a vision of the Shoals and the Snake Pit.
  3799 | D:5      | Noticed a sea snake
  3799 | D:5      | Noticed a naga sharpshooter
  3799 | D:5      | Noticed a black mamba
  3799 | D:5      | Noticed a sea snake
  3799 | D:5      | Noticed a merfolk siren
  3799 | D:5      | Noticed a hippogriff
  3799 | D:5      | Noticed a naga
  3799 | D:5      | Noticed a black mamba
  3799 | D:5      | Noticed a naga mage
  3799 | D:5      | Noticed a naga warrior
  3799 | D:5      | Noticed a black mamba
  3801 | D:5      | Noticed a naga mage
  3801 | D:5      | Noticed a sea snake
  3805 | D:5      | Noticed a naga
  3808 | D:5      | Found a sacrificial altar of Ru.
  3858 | D:5      | Noticed a yak
  3859 | D:5      | Noticed a yak
  3859 | D:5      | Noticed a yak
  3860 | D:5      | Noticed a yak
  3861 | D:5      | Noticed a yak
  3861 | D:5      | Noticed a yak
  3871 | D:5      | Killed a yak
  3871 | D:5      | Reached XP level 8. HP: 39/67 MP: 10/12
  3886 | D:5      | Killed a yak
  3891 | D:5      | Killed a yak
  3898 | D:5      | Killed a yak
  4240 | D:5      | Killed a yak
  4255 | D:5      | Killed a yak
  4437 | D:5      | Reached XP level 9. HP: 57/72 MP: 14/14
  4642 | D:5      | Found a white marble altar of Elyvilon.
  4867 | D:5      | Found a large runed translucent door.
  4867 | D:5      | Found a large runed translucent door.
  4869 | D:5      | Noticed dricus's ghost (novice HOVM)
  6052 | D:6      | Found an ornate altar of the Wu Jian Council.
  6102 | D:6      | Found a staircase to the Ecumenical Temple.
  6275 | Temple   | Entered the Ecumenical Temple
  6715 | D:7      | Reached skill level 5 in Invocations
  6929 | D:7      | Noticed Duvessa
  6929 | D:7      | Noticed Dowan
  6948 | D:7      | Killed Duvessa
  6951 | D:7      | Killed Dowan
  6986 | D:7      | Found a shattered altar of Ashenzari.
  7027 | D:7      | Found Bouceg's Assorted Antiques.
  7158 | D:7      | Noticed Pikel
  7215 | D:7      | Reached XP level 10. HP: 80/80 MP: 15/17
  7243 | D:7      | Killed Pikel
  7434 | D:7      | Reached skill level 5 in Short Blades
  7434 | D:7      | Reached skill level 5 in Long Blades
  7434 | D:7      | Reached skill level 5 in Axes
  7434 | D:7      | Reached skill level 5 in Maces & Flails
  7434 | D:7      | Reached skill level 5 in Staves
  7434 | D:7      | Reached skill level 5 in Slings
  7434 | D:7      | Reached skill level 5 in Bows
  7434 | D:7      | Reached skill level 5 in Crossbows
  7434 | D:7      | Reached skill level 5 in Throwing
  7434 | D:7      | Reached skill level 5 in Dodging
  7434 | D:7      | Reached skill level 5 in Stealth
  7434 | D:7      | Reached skill level 5 in Unarmed Combat
  7434 | D:7      | Reached skill level 5 in Spellcasting
  7434 | D:7      | Reached skill level 5 in Evocations
  8332 | D:8      | Found Zarin's Food Shoppe.
  8379 | D:8      | Found an iron altar of Okawaru.
  8775 | D:8      | Became a worshipper of Warmaster Okawaru
  8911 | D:8      | Noticed a two-headed ogre
  8928 | D:8      | Killed a two-headed ogre
  8928 | D:8      | Reached * piety under Okawaru
  9383 | D:8      | Noticed a two-headed ogre
  9399 | D:8      | Killed a two-headed ogre
  9399 | D:8      | Reached ** piety under Okawaru
  9880 | D:9      | Reached XP level 11. HP: 87/87 MP: 19/19
 10519 | D:9      | Found a glowing silver altar of Zin.
 10727 | D:9      | Found a radiant altar of Vehumet.
 10729 | D:9      | Found a shadowy altar of Dithmenos.
 10729 | D:9      | Found a white marble altar of Elyvilon.
 10731 | D:9      | Found a bloodstained altar of Trog.
 10731 | D:9      | Found a shimmering altar of Xom.
 10731 | D:9      | Found a shadowy altar of Dithmenos.
 10793 | D:10     | Entered Level 10 of the Dungeon
 10833 | D:10     | You fall through a shaft for 3 floors!
 11083 | D:13     | Reached skill level 5 in Conjurations
 11083 | D:13     | Reached skill level 5 in Hexes
 11083 | D:13     | Reached skill level 5 in Charms
 11083 | D:13     | Reached skill level 5 in Summonings
 11083 | D:13     | Reached skill level 5 in Necromancy
 11083 | D:13     | Reached skill level 5 in Translocations
 11083 | D:13     | Reached skill level 5 in Transmutations
 11083 | D:13     | Reached skill level 5 in Fire Magic
 11083 | D:13     | Reached skill level 5 in Ice Magic
 11083 | D:13     | Reached skill level 5 in Air Magic
 11083 | D:13     | Reached skill level 5 in Earth Magic
 11083 | D:13     | Reached skill level 5 in Poison Magic
 11219 | D:12     | Noticed a cyan ugly thing
 11885 | D:11     | Reached *** piety under Okawaru
 12027 | D:11     | Noticed a manticore
 12038 | D:11     | HP: 4/89 [wight/+0 halberd (1)]
 12042 | D:11     | HP: 1/89 [manticore (4)]
 12043 | D:11     | Demolished by a manticore

Skill      XL: |  1  2  3  4  5  6  7  8  9 10 11 |
---------------+----------------------------------+-----
Invocations    | 1 2 3 4 5 6 |  6.8
Short Blades   | 1 2 3 4 5 6 |  6.2
Long Blades    | 1 2 3 4 5 6 |  6.2
Axes           | 1 2 3 4 5 6 |  6.2
Maces & Flails | 1 2 3 4 5 6 |  6.2
Staves         | 1 2 3 4 5 6 |  6.2
Slings         | 1 2 3 4 5 6 |  6.2
Bows           | 1 2 3 4 5 6 |  6.2
Crossbows      | 1 2 3 4 5 6 |  6.2
Throwing       | 1 2 3 4 5 6 |  6.2
Dodging        | 1 2 3 4 5 6 |  6.2
Stealth        | 1 2 3 4 5 6 |  6.2
Unarmed Combat | 1 2 3 4 5 6 |  6.2
Spellcasting   | 1 2 3 4 5 6 |  6.2
Evocations     | 1 2 3 4 5 6 |  6.2
Conjurations   | 1 2 3 4 5 |  5.1
Hexes          | 1 2 3 4 5 |  5.1
Charms         | 1 2 3 4 5 |  5.1
Summonings     | 1 2 3 4 5 |  5.1
Necromancy     | 1 2 3 4 5 |  5.1
Translocations | 1 2 3 4 5 |  5.1
Transmutations | 1 2 3 4 5 |  5.1
Fire Magic     | 1 2 3 4 5 |  5.1
Ice Magic      | 1 2 3 4 5 |  5.1
Air Magic      | 1 2 3 4 5 |  5.1
Earth Magic    | 1 2 3 4 5 |  5.1
Poison Magic   | 1 2 3 4 5 |  5.1
Polearms       | 5 6 7 |  7.8
Fighting       | 7 8 9 |  9.1
Armour         | 7 8 9 |  9.1
Shields        | 7 8 9 |  9.1

Action                   |  1- 3 |  4- 6 |  7- 9 | 10-12 || total
-------------------------+-------+-------+-------+-------++-------
Melee: Trident           |   110 |   114 |   633 |   667 ||  1524
       Bite              |     5 |    14 |    99 |    76 ||   194
Throw: Javelin           |       |       |       |    15 ||    15
  Use: Potion            |       |       |     3 |     3 ||     6
       Scroll            |       |       |       |    11 ||    11
 Stab: Sleeping          |       |       |     2 |     7 ||     9
       Invisible         |       |       |       |     4 ||     4
       Distracted        |       |       |       |     2 ||     2
  Eat: Chunk             |       |     4 |    17 |    13 ||    34
       Ration            |       |       |     1 |     1 ||     2
Armor: Scale mail        |    32 |    28 |   116 |    98 ||   274
Dodge: Dodged            |    23 |    23 |   101 |   181 ||   328
Block: Shield            |    51 |    34 |   434 |   520 ||  1039
       Reflection        |       |       |     3 |     7 ||    10
